 Dungeon Crawl Stone Soup version 0.32-a0-913-g739538afd8 (webtiles) character file.

Game seed: 9266151265195754434

196 Autsider the Magician (level 5, -3/50 HPs)
             Began as an Oni Hedge Wizard on Apr 8, 2024.
             Slain by a gnoll
             ... wielding a +2 spear of venom
             ... led by a gnoll bouda
              (9 damage)
             ... on level 4 of the Dungeon.
             The game lasted 00:09:16 (4247 turns).

Autsider the Magician (Oni Hedge Wizard)            Turns: 4247, Time: 00:09:17

Health: -3/50      AC:  1    Str: 14    XL:     5   Next: 75%
Magic:  6/11       EV:  9    Int: 17    God:
Gold:   117        SH:  0    Dex:  8    Spells: 4/12 levels left

rFire   . . .        g - +0 club
rCold   . . .        (no shield)
rNeg    . . .        (body armour restricted)
rPois   .            c - +0 hat
rElec   .            (no cloak)
rCorr   .            (gloves unavailable)
SInv    +            (boots unavailable)
Will    .....        (no amulet)
Stlth   +            f - ring of see invisible
HPRegen 0.28/turn    (no ring)
MPRegen 0.12/turn

%: no passive effects
@: lethally poisoned (-3 -> -17), weakened
A: large, unfitting armour, horns 1, tough skin 1, double potion healing,
drunken brawling
a: no special abilities


You were on level 4 of the Dungeon.
You visited 1 branch of the dungeon, and saw 4 of its levels.

You collected 117 gold pieces.

Inventory:

Hand Weapons
 g - a +0 club (weapon)
 s - the +4 sling "Poysobro" {antimagic, rF+ rN++ Int+3}
   (You took it off a kobold on level 2 of the Dungeon)

   Int+3:     It affects your intelligence (+3).
   rF+:       It protects you from fire.
   rN++:      It greatly protects you from negative energy.
Armour
 c - a +0 hat (worn)
Jewellery
 f - a ring of see invisible (left hand)
 h - a ring of protection from fire
 r - a ring of protection from cold
 t - a ring of wizardry
Talismans
 m - a talisman of death
 p - a beast talisman
Wands
 u - a wand of charming (9)
Scrolls
 b - a scroll of blinking
 j - 2 scrolls of teleportation
 l - a scroll of enchant armour {unknown}
 n - a scroll of poison {unknown}
 o - a scroll of amnesia {unknown}
Potions
 a - 4 potions of curing
 d - a potion of magic
 i - a potion of heal wounds {unknown}
 k - a potion of lignification {unknown}
 q - a potion of invisibility {unknown}
 v - 3 potions of brilliance {unknown}


   Skills:
 + Level 2.7 Fighting
 + Level 2.5 Dodging
 - Level 1.4 Stealth
 - Level 4.0 Spellcasting
 - Level 2.0 Conjurations
 + Level 1.9 Summonings
 + Level 1.7 Translocations
 + Level 1.1 Air Magic
 + Level 1.1 Alchemy


You had 4 spell levels left.
You knew the following spells:

 Your Spells              Type           Power      Damage    Failure   Level
a - Magic Dart            Conj           40%        1d5       7%          1
w - Mephitic Cloud        Conj/Alch/Air  8%         N/A       26%         3
z - Blink                 Tloc           18%        N/A       12%         2
A - Call Imp              Summ           18%        N/A       11%         2

Your spell library contained the following spells:

 Spells                   Type           Power      Damage    Failure   Level
 Slow                     Hex            12%        N/A       16%         1
 Cigotuvi's Dreadful Rot  Necr/Alch/Air  12%        N/A       17%         2


Dungeon Overview and Level Annotations

Branches:
Dungeon (4/15)
 Temple: D:4-7

Altars:
Nemelex Xobeh
Okawaru
Yredelemnul

Annotations:
D:2 1 runed translucent door, Crazy Yiuf
D:3 1 runed translucent door


Innate Abilities, Weirdness & Mutations

You are too large for most types of armour.
You have a pair of small horns on your head.
You have tough skin. (AC +1)
You gain doubled healing and magic from potions.
Whenever you drink a healing potion, you attack all around you.


Message History

The gnoll hits your cerulean imp with a +2 spear of venom.
Your cerulean imp is poisoned.
Your cerulean imp hits the gnoll with a -4 spear.
The gnoll bouda calls upon its god to heal the gnoll.
The gnoll is healed somewhat.
The gnoll barely misses your cerulean imp.
Your attacks no longer feel as feeble.
Your cerulean imp hits the gnoll but does no damage.
The gnoll closely misses your cerulean imp.
Your cerulean imp hits the gnoll with a -4 spear.
The gnoll closely misses your cerulean imp.
Your cerulean imp hits the gnoll but does no damage.
The gnoll closely misses your cerulean imp.
Your cerulean imp hits the gnoll but does no damage.
The gnoll bouda barks out a call to the hunt!
The gnoll hits your cerulean imp with a +2 spear of venom.
Your cerulean imp dies!
Your cerulean imp disappears in a puff of smoke!
The gnoll hits you from afar with a +2 spear of venom.
You are poisoned.
You feel very sick.
The gnoll bouda gazes fiercely through you!
You feel your attacks grow feeble.
You feel sick.
The gnoll bouda gazes fiercely through you!
You feel as though you will be weak longer.
You feel sick.
The gnoll is no longer moving quickly.
The gnoll attacks as it pursues you! The gnoll barely misses you.
You feel sick. The gnoll attacks as it pursues you!
The gnoll hits you from afar with a +2 spear of venom!
* * * LOW HITPOINT WARNING * * *
You are lethally poisoned!
* * * LOW HITPOINT WARNING * * *
You feel very sick. The gnoll attacks as it pursues you!
The gnoll closely misses you.
There is a stone staircase leading up here.
* * * LOW HITPOINT WARNING * * *
You feel very sick.
The gnoll hits you from afar with a +2 spear of venom!
You die...

#.# #.# #.#
#.# #### # #.#
..... #
#.#.#......
#..#.#.#......
#.....@#......
#.##.#.#......
.. #g.......
## #........
##g.###.## #
#g..# .)
##.#####.###
#....(...#
#####.g###


You could see a gnoll bouda and 2 gnolls.

Vanquished Creatures
  A howler monkey (D:3)
  3 gnolls
  2 adders
  A ribbon worm (D:2)
  An orc (D:3)
  3 ball pythons (D:1)
  4 bats
  2 endoplasms
  2 giant cockroaches
  6 goblins
  6 hobgoblins
  6 jackals
  7 kobolds
  2 quokkas
  5 frilled lizards
  6 rats
57 creatures vanquished.

Vanquished Creatures (collateral kills)
  4 gnolls (D:2)
  A ribbon worm (D:2)
  2 jackals (D:3)
  A kobold (D:3)
  A quokka (D:2)
9 creatures vanquished.

Grand Total: 66 creatures vanquished

Notes
Turn   | Place    | Note
-------+----------+-------------------------------------------
     0 | D:1      | Autsider the Oni Hedge Wizard began the quest for the Orb.
     0 | D:1      | Reached XP level 1. HP: 16/16 MP: 5/5
    36 | D:1      | Reached skill level 1 in Conjurations
    36 | D:1      | Reached skill level 1 in Summonings
   156 | D:1      | Reached XP level 2. HP: 26/26 MP: 3/6
   159 | D:1      | Learned a level 2 spell: Call Imp
   162 | D:1      | Learned a level 2 spell: Blink
   292 | D:1      | Reached skill level 1 in Fighting
   838 | D:2      | Found a sparkling altar of Nemelex Xobeh.
   906 | D:2      | Reached XP level 3. HP: 33/33 MP: 5/8
   910 | D:2      | Learned a level 3 spell: Mephitic Cloud
  1323 | D:2      | Reached skill level 1 in Translocations
  1440 | D:2      | Identified the +4 sling "Poysobro" {antimagic, rF+ rN++
                  | Int+3}
  1675 | D:2      | Reached skill level 4 in Spellcasting
  1675 | D:2      | Reached XP level 4. HP: 42/42 MP: 3/10
  2074 | D:2      | Reached XP level 5. HP: 39/49 MP: 3/11
  2238 | D:2      | Found a runed translucent door.
  2239 | D:2      | Noticed Crazy Yiuf
  2895 | D:3      | Reached skill level 1 in Air Magic
  3023 | D:3      | Found an iron altar of Okawaru.
  3371 | D:3      | Reached skill level 1 in Alchemy
  3520 | D:3      | Found a runed translucent door.
  3522 | D:3      | Found a basalt altar of Yredelemnul.
  3522 | D:3      | Noticed a human
  4247 | D:4      | Slain by a gnoll

Illustrated notes

Levels and vault maps discovered:
D:1:      dpeg_arrival_boxorama, layout_rooms
D:2:      layout_loops_corners, basic_altar, uniq_crazy_yiuf_cottage
D:3:      layout_loops_corners, dk_yredelemnul_ordeal, pf_just_have_faith
D:4:      minmay_thinvault, layout_basic, minmay_quantized, uniq_robin

Skill      XL: |  1  2  3  4  5 |
---------------+----------------+-----
Conjurations   | 1 2 |  2.0
Summonings     | 1 |  1.9
Dodging        | 2 |  2.5
Fighting       | 1 2 |  2.7
Translocations | 1 |  1.7
Spellcasting   | 4 |  4.0
Air Magic      | 1 |  1.1
Alchemy        | 1 |  1.1
Stealth        | |  1.4

Action                     |  1- 3 |  4- 6 || total
---------------------------+-------+-------++-------
  Melee: Unarmed           |    10 |       ||    10
         Club              |     8 |    25 ||    33
         Headbutt          |     4 |     4 ||     8
         Punch             |     1 |       ||     1
   Cast: Magic Dart        |    83 |    71 ||   154
         Call Imp          |     5 |    14 ||    19
    Use: Scroll            |       |     3 ||     3
   Stab: Distracted        |     1 |       ||     1
 Armour: Robe              |     1 |       ||     1
         Skin              |    22 |    35 ||    57
  Dodge: Dodged            |    13 |    30 ||    43

Table legend: (Time is in decaauts)
 A = Elapsed time spent in this place.
 B = Non-inter-level travel time spent in this place.
 C = Inter-level travel time spent in this place.
 D = Time resting spent in this place.
 E = Time spent auto-exploring this place.
 F = Levels seen in this place.
 G = Mean time per level.
                   A        B        C        D        E       F      G
               +--------+--------+--------+--------+--------+-----+--------+
         Total |   4256 |   4165 |     91 |    308 |   3281 |   4 | 1064.0 |
       Dungeon |   4256 |   4165 |     91 |    308 |   3281 |   4 | 1064.0 |
               +--------+--------+--------+--------+--------+-----+--------+

Top non-repeatable levels by time:
     D:2: 2035 daAuts
     D:3: 1412 daAuts
     D:1: 762 daAuts
     D:4: 46 daAuts
